AoeStats
← SJDHSUEEEEE

Arena

505238217Analyzed
4v4 RM · 25d ago on Sep 8, 2026· 30m 10s· 8 players
Game mode
Random Map
Map size
Large (8 player)
Population
200
Speed
Normal
Resources
Standard
Victory
Conquest
Starting age
Dark Age
Ending age
Imperial Age
RankedLock teamsTeams togetherTeam positionsShared explorationLock speedFull tech treeHidden civsTurbo modeCheats
Victory
Defeat
🇨🇳 Italians · China
1545
+16
🇨🇳 Turks · China
1543
+16
🇨🇳 Japanese · China
1541
+16
🇨🇳 Mongols · China
1507
+17
1570
-19
1569
-17
1562
-17
1447
-12
SJDHSUEEEEE
12:00 Feudal Age
13:23 Gold Mining
13:20 Double-Bit Axe
13:27 Horse Collar
16:07 Castle Age
20:59 Imperial Age
19:45 Bow Saw
20:40 Gold Shaft Mining
IAM
9:43 Feudal Age
13:25 Castle Age
11:17 Double-Bit Axe
12:12 Horse Collar
13:43 Loom
14:33 Bow Saw
17:37 Gold Mining
18:40 Fletching
19:36 Bodkin Arrow
21:42 Padded Archer Armor
22:26 Wheelbarrow
23:39 Ballistics
23:38 Leather Archer Armor
23:58 Town Watch
30:25 Imperial Age
29:20 Sanctity
蓝鸭
11:01 Feudal Age
12:38 Horse Collar
12:44 Double-Bit Axe
15:42 Castle Age
16:32 Heavy Plow
16:44 Bow Saw
20:47 Wheelbarrow
22:35 Hand Cart
22:19 Gold Mining
25:04 Gold Shaft Mining
28:09 Imperial Age
25:30 Loom
26:22 Stone Mining
26:40 Scale Barding Armor
26:45 Forging
26:37 Husbandry
27:24 Bloodlines
29:13 Iron Casting
28:59 Chain Barding Armor
28:10 Capped Ram
29:13 Conscription
29:32 Drill
29:02 Siege Ram
30:54 Blast Furnace
29:47 Elite Steppe Lancer
劳斯莱斯枭犽
10:35 Feudal Age
11:24 Double-Bit Axe
12:03 Horse Collar
17:08 Castle Age
17:17 Scale Mail Armor
17:28 Forging
18:01 Arson
18:17 Squires
18:52 Chain Mail Armor
28:28 Pikeman
[韓粉戰隊] 台北庶民
10:40 Feudal Age
14:31 Castle Age
13:44 Double-Bit Axe
13:41 Horse Collar
15:42 Bow Saw
16:17 Fervor
16:56 Wheelbarrow
27:39 Imperial Age
24:56 Loom
25:29 Hand Cart
27:38 Fletching
28:18 Bodkin Arrow
27:46 Crossbowman
28:36 Padded Archer Armor
29:50 Ballistics
[韓粉戰隊] 南飄賣菜郎
10:35 Feudal Age
14:17 Castle Age
12:11 Horse Collar
12:25 Double-Bit Axe
16:04 Bow Saw
17:01 Gold Mining
19:49 Heavy Plow
21:15 Scale Barding Armor
21:27 Husbandry
22:14 Bloodlines
23:26 Chain Barding Armor
24:07 Forging
26:21 Iron Casting
27:01 Devotion
27:56 Wheelbarrow
28:00 Gold Shaft Mining
27:19 Light Cavalry
28:03 Loom
[韓粉戰隊] 鋼鐵韓粉
10:20 Feudal Age
14:30 Castle Age
12:44 Double-Bit Axe
12:42 Horse Collar
15:38 Bow Saw
15:41 Town Watch
18:13 Wheelbarrow
18:23 Crossbowman
18:53 Fletching
20:38 Ballistics
21:19 Bodkin Arrow
22:20 Padded Archer Armor
24:31 Leather Archer Armor
25:16 Gold Mining
[韓粉戰隊] 跟著月亮走
8:57 Feudal Age
9:26 Double-Bit Axe
10:17 Horse Collar
11:01 Loom
15:51 Wheelbarrow
19:36 Castle Age
20:41 Bow Saw
21:05 Scale Barding Armor
21:30 Town Watch
21:56 Heavy Plow
27:03 Imperial Age
25:09 Hand Cart
26:21 Bloodlines
26:23 Forging
26:53 Chain Barding Armor
26:37 Gold Mining
26:40 Stone Mining
27:47 Iron Casting
27:29 Devotion
27:35 Cavalier
29:42 Plate Barding Armor
Connection lost

Rejoining the realm…

Still unreachable

The connection could not be restored.

Session expired

The server has moved on; the page needs a fresh start.